 Dungeon Sprint DCSS version 0.27-a0-978-g2aa4ecdaef (webtiles) character file.

Game seed: 681984123673357108

1708 mhtbhm the Geomancer (level 9, -1/50 HPs)
             Began as a Gargoyle Earth Elementalist on Apr 14, 2021.
             Was a Believer of Vehumet.
             Shot with an arrow by a centaur warrior (18 damage)
             ... in the Dungeon (Sprint IX: "|||||||||||||||||||||||||||||").
             The game lasted 00:03:30 (1030 turns).

mhtbhm the Geomancer (Gargoyle Earth Elementalist)  Turns: 1030, Time: 00:03:31

Health: -1/50      AC: 11    Str: 12    XL:     9   Next: 3%
Magic:  2/24       EV: 14    Int: 19    God:    Vehumet [**....]
Gold:   0          SH:  0    Dex: 13    Spells: 16/31 levels left

rFire    . . .     SeeInvis .   a - +2 morningstar (vorpal)
rCold    . . .     Faith    .   (no shield)
rNeg     + . .     Spirit   .   c - +0 robe
rPois    ∞         Reflect  .   (no helmet)
rElec    +         Harm     .   k - +0 cloak
rCorr    .         Rampage  .   (no gloves)
Will     .....     NoTele   +   (no boots)
Stlth    ++........             (no amulet)
HPRegen  0.16/turn              m - +3 ring of dexterity
MPRegen  0.19/turn              n - +2 ring of protection

@: no status effects
A: AC +6, negative energy resistance 1, electricity resistance, torment
resistance 1, unbreathing 1, petrification resistance
a: Renounce Religion


You were in the Dungeon.
You worshipped Vehumet.
Vehumet was pleased with you.
You visited 1 branch

Inventory:

Hand Weapons
 a - a +2 vorpal morningstar (weapon)
Armour
 c - a +0 robe (worn)
 k - a +0 cloak (worn)
Jewellery
 m - a +3 ring of dexterity (left hand)
 n - a +2 ring of protection (right hand)
Wands
 j - a wand of iceblast (7)
Scrolls
 h - 2 scrolls of amnesia
 i - 2 scrolls of blinking
Potions
 e - 4 potions of curing
 g - 3 potions of magic
 l - a potion of invisibility


   Skills:
 + Level 3.1 Fighting
 + Level 5.8 Dodging
 - Level 2.8 Stealth
 - Level 1.0 Unarmed Combat
 + Level 11.5 Spellcasting
 + Level 1.9 Conjurations
 + Level 1.7 Transmutations
 + Level 14.7 Earth Magic
 + Level 1.0 Evocations


You had 16 spell levels left.
You knew the following spells:

 Your Spells              Type           Power      Damage    Failure   Level
a - Sandblast             Erth           100%       2d20      0%          1
b - Passwall              Tmut/Erth      35%        N/A       1%          2
c - Stone Arrow           Conj/Erth      84%        3d12      1%          3
d - Lee's Rapid Deconstr  Erth           30%        3d17*     1%          5
e - Petrify               Tmut/Erth      42%        N/A       2%          4

Your spell library contained the following spells:

 Spells                   Type           Power      Damage    Failure   Level
 Static Discharge         Conj/Air       14%        N/A       6%          2


Dungeon Overview and Level Annotations

Branches:
Dungeon (1/1)

Altars:
Cheibriados
Dithmenos
Elyvilon
Fedhas
Gozag
Hepliaklqana
Kikubaaqudgha
Makhleb
Nemelex Xobeh
Okawaru
Qazlal
Ru
Sif Muna
Trog
Uskayaw
Vehumet
Wu Jian
Xom
Yredelemnul
Zin
The Shining One
Beogh
Jiyva
Lugonu


Innate Abilities, Weirdness & Mutations

Your stone body is resilient. (AC +6)
You are immune to poison.
You resist negative energy. (rN+)
You are resistant to electric shocks. (rElec)
You are resistant to unholy torment.
You can survive without breathing.
You are immune to petrification.


Message History

You feel your power returning.
The iceblast engulfs the centaur warrior!
The centaur warrior is moderately wounded.
The centaur warrior wields a +0 shortbow.
The centaur warrior shoots an arrow.
The arrow hits you!
Your Spellcasting skill increases to level 11!
Your Earth Magic skill increases to level 14!
Your Evocations skill increases to level 1!
You have reached level 9!
Your experience leads to an increase in your attributes!
Your base attributes are Str 12, Int 18, Dex 10.
Increase (S)trength, (I)ntelligence, or (D)exterity?
You feel clever.
Unknown command.
Casting: Sandblast (safe; 0% risk of failure)
Confirm with . or Enter, or press ? or * to list all spells.
Aiming: Lee's Rapid Deconstruction (dangerous; 1% risk of failure)
Press: ? - help, Dir - move target An open door.
The stone door frame shatters!
The blast of rock fragments hits the centaur warrior!!
The centaur warrior is severely wounded.
Unknown command.
Unknown command.
Unknown command.
Casting: Lee's Rapid Deconstruction (dangerous; 1% risk of failure)
Confirm with . or Enter, or press ? or * to list all spells.
You don't have enough magic to cast this spell.
Unknown command.
Aiming: Iceblast
Press: ? - help, Shift-Dir - straight line, f - centaur warrior
Aim: a centaur warrior, wielding a +0 shortbow and quivering arrows (severely wounded)
The mass of ice explodes!
The iceblast engulfs the centaur warrior!
The centaur warrior is almost dead.
The iceblast engulfs the slime creature!!
The slime creature is moderately wounded.
The centaur warrior shoots an arrow.
The arrow hits you!!
The centaur warrior shoots an arrow.
The arrow hits you!!
You die...

▓.▓
▓.▓
▓W▓
▓.▓
▓T▓
▓J▓
▓c▓
▓.▓
▓@▓
▓.▓
▓.▓
▓.▓
▓[▓
▓'▓
▓(▓
▓.▓
▓[▓


You could see a slime creature, a centaur warrior, a troll and a wraith.

Vanquished Creatures
  A two-headed ogre (D)
  A cyclops (D)
  A wraith (D)
  A yak (D)
  An acid dragon (D)
  An orc warrior (D)
  A centaur (D)
  A scorpion (D)
  A howler monkey (D)
  A hound (D)
  An orc (D)
  A bat zombie (D)
  A giant cockroach (D)
  A hobgoblin (D)
  3 quokkas (D)
  A ball python (D)
18 creatures vanquished.

Notes
Turn   | Place    | Note
-------+----------+-------------------------------------------
     0 | D        | mhtbhm the Gargoyle Earth Elementalist began the quest for
                  | the Orb.
     0 | D        | Reached XP level 1. HP: 10/10 MP: 3/3
     7 | D        | Reached skill level 4 in Earth Magic
    28 | D        | Reached skill level 5 in Earth Magic
   120 | D        | Noticed a scorpion
   120 | D        | Noticed a hound
   126 | D        | Reached XP level 2. HP: 4/15 MP: 3/5
   127 | D        | Reached skill level 1 in Unarmed Combat
   127 | D        | Reached skill level 6 in Earth Magic
   127 | D        | Reached XP level 3. HP: 3/19 MP: 2/7
   163 | D        | Killed a scorpion
   164 | D        | Reached skill level 1 in Transmutations
   164 | D        | Reached skill level 8 in Earth Magic
   164 | D        | Reached XP level 4. HP: 8/24 MP: 0/10
   356 | D        | Learned a level 2 spell: Passwall
   360 | D        | Learned a level 3 spell: Stone Arrow
   375 | D        | Found a snail-covered altar of Cheibriados.
   375 | D        | Found a shadowy altar of Dithmenos.
   375 | D        | Found a white marble altar of Elyvilon.
   375 | D        | Found a blossoming altar of Fedhas.
   375 | D        | Found an opulent altar of Gozag.
   376 | D        | Found a hazy altar of Hepliaklqana.
   377 | D        | Found a viscous altar of Jiyva.
   378 | D        | Found an ancient bone altar of Kikubaaqudgha.
   379 | D        | Found a corrupted altar of Lugonu.
   380 | D        | Found a burning altar of Makhleb.
   381 | D        | Found a sparkling altar of Nemelex Xobeh.
   382 | D        | Found an iron altar of Okawaru.
   383 | D        | Found a stormy altar of Qazlal.
   384 | D        | Found a sacrificial altar of Ru.
   385 | D        | Found a shimmering blue altar of Sif Muna.
   386 | D        | Found a bloodstained altar of Trog.
   387 | D        | Found a hide-covered altar of Uskayaw.
   388 | D        | Found a radiant altar of Vehumet.
   389 | D        | Found an ornate altar of the Wu Jian Council.
   390 | D        | Found a shimmering altar of Xom.
   391 | D        | Found a basalt altar of Yredelemnul.
   392 | D        | Found a glowing silver altar of Zin.
   393 | D        | Found a glowing golden altar of the Shining One.
   398 | D        | Became a worshipper of Vehumet
   436 | D        | Noticed an orc warrior
   436 | D        | Noticed a yak
   436 | D        | Noticed a wraith
   436 | D        | Noticed a centaur
   436 | D        | Noticed an acid dragon
   440 | D        | Killed an acid dragon
   441 | D        | Reached skill level 1 in Fighting
   441 | D        | Reached skill level 5 in Spellcasting
   441 | D        | Reached skill level 10 in Earth Magic
   441 | D        | Reached XP level 5. HP: 29/29 MP: 4/13
   442 | D        | Killed a centaur
   443 | D        | Reached XP level 6. HP: 32/35 MP: 2/15
   444 | D        | Reached * piety under Vehumet
   444 | D        | Offered knowledge of Magic Dart by Vehumet.
   445 | D        | Reached skill level 11 in Earth Magic
   457 | D        | Killed a wraith
   458 | D        | Reached skill level 5 in Dodging
   458 | D        | Reached skill level 12 in Earth Magic
   458 | D        | Reached XP level 7. HP: 39/40 MP: 0/18
   537 | D        | Learned a level 5 spell: Lee's Rapid Deconstruction
   542 | D        | Learned a level 4 spell: Petrify
   718 | D        | Killed a yak
   898 | D        | Reached ** piety under Vehumet
   898 | D        | Offered knowledge of Static Discharge by Vehumet.
  1021 | D        | Noticed a wraith
  1021 | D        | Noticed a troll
  1021 | D        | Noticed a slime creature
  1021 | D        | Noticed a centaur warrior
  1021 | D        | Noticed a two-headed ogre
  1021 | D        | Noticed a cyclops
  1027 | D        | Killed a cyclops
  1028 | D        | Reached skill level 10 in Spellcasting
  1028 | D        | Reached skill level 1 in Conjurations
  1028 | D        | Reached skill level 13 in Earth Magic
  1028 | D        | Reached XP level 8. HP: 46/46 MP: 5/22
  1028 | D        | Killed a two-headed ogre
  1029 | D        | Reached skill level 14 in Earth Magic
  1029 | D        | Reached skill level 1 in Evocations
  1029 | D        | Reached XP level 9. HP: 35/50 MP: 7/24
  1030 | D        | Shot with an arrow by a centaur warrior

Illustrated notes

Levels and vault maps discovered:
D:        linesprint [early_d, line_temple, items_1, d_10, items_2, lair_1,
          lair_end, items_3, orc_1, orc_end, items_4, d_15, swamp_1, shoals_1,
          snake_1, spider_1, d_20, vaults_1, items_5, swamp_end, shoals_end,
          snake_end, spider_end, vaults_end, d_27, items_6, zot_1, zot_end,
          crypt_end, forest_end, elf_end, slime_end, tomb_end, abyss_end,
          pan_hell_end]

Skill      XL: |  1  2  3  4  5  6  7  8 |
---------------+-------------------------+-----
Earth Magic    | 5 6 8 10 12 13 14 | 14.7
Dodging        | 2 3 4 5 |  5.8
Unarmed Combat | 1 |  1.0
Spellcasting   | 3 4 5 6 7 10 11 | 11.5
Transmutations | 1 |  1.7
Fighting       | 1 2 3 |  3.1
Conjurations   | 1 |  1.9
Evocations     | 1 |  1.0
Stealth        | |  2.8

Action                   |  1- 3 |  4- 6 |  7- 9 || total
-------------------------+-------+-------+-------++-------
Melee: Unarmed           |    39 |       |       ||    39
 Cast: Sandblast         |    14 |    10 |     6 ||    30
       Stone Arrow       |       |     1 |     1 ||     2
       Lee's Rapid Decon |       |       |     9 ||     9
       Petrify           |       |       |     2 ||     2
Evoke: Wand              |       |       |     3 ||     3
  Use: Potion            |     4 |     1 |     2 ||     7
Armor: Robe              |    14 |     2 |     3 ||    19
Dodge: Dodged            |    30 |    11 |     8 ||    49

Table legend: (Time is in decaauts)
 A = Elapsed time spent in this place.
 B = Non-inter-level travel time spent in this place.
 C = Inter-level travel time spent in this place.
 D = Time resting spent in this place.
 E = Time spent auto-exploring this place.
 F = Levels seen in this place.
 G = Mean time per level.
                   A        B        C        D        E       F      G
               +--------+--------+--------+--------+--------+-----+--------+
         Total |   1028 |   1028 |      0 |    634 |     36 |   1 | 1028.0 |
       Dungeon |   1028 |   1028 |      0 |    634 |     36 |   1 | 1028.0 |
               +--------+--------+--------+--------+--------+-----+--------+

Top non-repeatable levels by time:
       D: 1028 daAuts
